[Event "Late-Titled-Tuesday-Blitz-June-04-2024"]
[Site "Chess.com"]
[Date "2024.06.04"]
[Round "2"]
[White "chess94cu"]
[Black "jefferyx"]
[Result "0-1"]
[WhiteElo "2630"]
[BlackElo "3088"]
[TimeControl "180+1"]
[EndTime "14:16:13 PDT"]
[Termination "jefferyx won by resignation"]

1. e4 c5 2. Nf3 d6 3. c3 Nf6 4.
Be2 Nbd7 5. d3 g6 6. O-O Bg7 7.
Re1 O-O 8. Bf1 e5 9. a4 b6 10.
Nbd2 Bb7 11. a5 d5 12. exd5 Nxd5 13. Nc4 Qc7 14. g3 b5 15. a6 Bc8 16. Ne3 Nxe3 17.
Bxe3 Rb8 18. Nd2 Rb6 19. b4 Rxa6 20. Rxa6 Bxa6 21. Qa1 Bb7 22. bxc5 Qc6 23. f3 Nxc5 24. Bg2 Nxd3 25. Rd1 f5 26. Nb3 Qd5 27. Nc5 Bh6 28. Bf2 e4 29. fxe4 fxe4 30. Bxe4 Qf7 31. Bd4 Nxc5 32.
Bxb7 Nxb7 33. Qxa7 Nd6 34. Qc5 Nc4 35. Qxb5 Be3+ 36.
Bxe3 Nxe3 0-1

[Event "Late-Titled-Tuesday-Blitz-June-04-2024"]
[Site "Chess.com"]
[Date "2024.06.04"]
[Round "2"]
[White "Kimkibo"]
[Black "rdarruda"]
[Result "0-1"]
[WhiteElo "2319"]
[BlackElo "2537"]
[TimeControl "180+1"]
[EndTime "14:16:14 PDT"]
[Termination "rdarruda won by resignation"]

1. d4 Nf6 2. c4 e5 3. dxe5 Ne4 4. Nd2 Bb4 5. a3 Bxd2+ 6. Bxd2 Nxd2 7. Qxd2 Nc6 8. Nf3 O-O 9. e3 Qe7 10. Qd5 Re8 11. Bd3 Nxe5 12. Nxe5 Qxe5 13. O-O-O Qxd5 14. cxd5 c5 15. d6 b6 16. Bc4 Bb7 17. Bd5 Bxd5 18. Rxd5 Re4 19. Kc2 Rae8 20. b3 g6 21. Kd3 f5 22. g3 Kf7 23. Ke2 R8e5 24. Rd3 c4 25.
Rc3 cxb3 26. Rc7 Ke6 27. Rxa7 Rb5 28. Rb1 Rc4 29. Kd3 Rc6 30. a4 Rd5+ 31. Ke2 Rc2+ 32. Kf3 b2 33. Rb7 Rxd6 34. h4 Rdd2 35. Rxb6+ d6 36.
Kf4 Rxf2+ 37. Kg5 Rf3 38. Kh6 Rxg3 39. Kxh7 Rh2 40. Rb4 Rg4 41. Rxg4 fxg4 42. Kxg6 g3 43.
h5 g2 44. h6 Rh1 45. Rxb2 g1=Q+ 46. Kh7 Qg5 0-1

[Event "Late-Titled-Tuesday-Blitz-June-04-2024"]
[Site "Chess.com"]
[Date "2024.06.04"]
[Round "2"]
[White "Chess_Star1234"]
[Black "cthake"]
[Result "1-0"]
[WhiteElo "2415"]
[BlackElo "1756"]
[TimeControl "180+1"]
[EndTime "14:16:14 PDT"]
[Termination "Chess_Star1234 won by resignation"]

1. d4 Nf6 2. c4 c5 3. d5 e6 4. Nc3 exd5 5. cxd5 d6 6. e4 g6 7. f3 Bg7 8. Nge2 O-O 9. Ng3 a6 10. a4 Ne8 11. Be2 f5 12. exf5 Bxf5 13. Nxf5 Rxf5 14. f4 Bd4 15. Bg4 Rf8 16. Be6+ Kh8 17. Ne2 Bg7 18. O-O Nd7 19. Bd2 Ndf6 20. Bc3 Nc7 21. f5 gxf5 22. Rxf5 Nxe6 23. dxe6 Qe7 24. Nf4 Rad8 25. Qe2 b6 26. Re1 Kg8 27. Bxf6 Rxf6 28. Nd5 Rxe6 29. Nxe7+ 1-0

[Event "Late-Titled-Tuesday-Blitz-June-04-2024"]
[Site "Chess.com"]
[Date "2024.06.04"]
[Round "2"]
[White "frederiksvane"]
[Black "RantomOpening"]
[Result "1-0"]
[WhiteElo "2887"]
[BlackElo "2557"]
[TimeControl "180+1"]
[EndTime "14:16:15 PDT"]
[Termination "frederiksvane won by resignation"]

1. d4 d5 2. Nf3 e6 3. c4 a6 4. cxd5 exd5 5. Nc3 Nf6 6. Bf4 c6 7. e3 Bd6 8. Bxd6 Qxd6 9. Bd3 O-O 10. Qc2 Be6 11. O-O Nbd7 12. h3 b5 13. Rac1 Rac8 14.
Ng5 h6 15. Nxe6 fxe6 16. Qd2 e5 17. Bb1 e4 18. f3 exf3 19. Rxf3 Rce8 20. Rcf1 b4 21. Ne2 Ne4 22. Bxe4 Rxe4 23. Ng3 Ree8 24. Nf5 Qb8 25. Qc2 Rf6 26. Rg3 Kf8 27. Rxg7 Nb6 1-0

[Event "Late-Titled-Tuesday-Blitz-June-04-2024"]
[Site "Chess.com"]
[Date "2024.06.04"]
[Round "2"]
[White "mortngabriel"]
[Black "Arteler"]
[Result "1-0"]
[WhiteElo "2497"]
[BlackElo "2237"]
[TimeControl "180+1"]
[EndTime "14:16:16 PDT"]
[Termination "mortngabriel won by resignation"]

1. e4 e6 2. d4 d5 3. Nc3 Nf6 4. exd5 exd5 5. Bg5 Be7 6. Qd2 c6 7. O-O-O O-O 8. Re1 h6 9. Bh4 Re8 10. Bd3 Nbd7 11. Nf3 a5 12. Ne5 Nxe5 13. dxe5 Nd7 14.
Bxe7 Qxe7 15. f4 Nc5 16. Kb1 a4 17. a3 Nxd3 18. Qxd3 Qd7 19. Ne2 Qf5 20. Qe3 Qe6 21. Nd4 Qe7 22. f5 Qc5 23. Qf4 Qc4 24. f6 g5 25. Qf2 c5 26. Nf5 Kh7 27. Nd6 Qa6 28. Nxe8 c4 29. Nc7 Qb6 30. Qxb6 1-0

[Event "Late-Titled-Tuesday-Blitz-June-04-2024"]
[Site "Chess.com"]
[Date "2024.06.04"]
[Round "2"]
[White "JaackCamel"]
[Black "vladoboch"]
[Result "0-1"]
[WhiteElo "2222"]
[BlackElo "2478"]
[TimeControl "180+1"]
[EndTime "14:16:18 PDT"]
[Termination "vladoboch won by resignation"]

1. d4 Nf6 2. c4 g6 3. Nc3 Bg7 4.
e4 d6 5. Nf3 O-O 6. Be2 e5 7. Be3 Nc6 8. d5 Ne7 9. Nd2 Ne8 10. b4 f5 11. f3 Nf6 12. c5 Rf7 13. Nc4 Bf8 14. cxd6 cxd6 15. Nb5 Ne8 16. Nxa7 fxe4 17.
fxe4 Bd7 18. Nb6 Rxa7 19. Nxd7 Ra3 20. Bc1 Rc3 21. Bd2 Rc7 22. Nxf8 Rxf8 23. Bg4 Kg7 24. Rf1 Nf6 25. Bf3 Rc4 26. Qe2 Qc7 27. Kd1 Rc8 28. Qe3 Rd4 29. Qh6+ Kg8 30. Qh4 Qc2+ 0-1

[Event "Late-Titled-Tuesday-Blitz-June-04-2024"]
[Site "Chess.com"]
[Date "2024.06.04"]
[Round "2"]
[White "Chaubunagungamaug1"]
[Black "LUISMIGUELOV"]
[Result "1-0"]
[WhiteElo "2474"]
[BlackElo "2212"]
[TimeControl "180+1"]
[EndTime "14:16:19 PDT"]
[Termination "Chaubunagungamaug1 won by resignation"]

1. e4 e5 2. Nf3 Nc6 3. Bb5 a6 4.
Ba4 Nf6 5. O-O Be7 6. Re1 b5 7. Bb3 O-O 8. c3 d5 9. d4 dxe4 10. Nxe5 Nxe5 11. dxe5 Qxd1 12. Rxd1 Ng4 13. Bd5 Rb8 14.
Bxe4 Nxe5 15. Bf4 Bd6 16. Bg3 f5 17. Bd5+ Kh8 18. f3 f4 19. Bf2 h6 20. Nd2 Bf5 21.
Ne4 Bxe4 22. Bxe4 Nc4 23. b3 Ne3 24. Rd3 Bc5 25. b4 Bb6 26. a4 bxa4 27. Rxa4 a5 28.
bxa5 Ba7 29. Rd7 c6 30. Rxa7 Rfd8 31. Rd4 Rxd4 32. cxd4 g5 33. a6 Rb4 34. Rb7 Rxd4 35. Bxe3 fxe3 36. Kf1 Ra4 37. a7 Ra2 38. Rb8+ Kg7 39.
a8=Q e2+ 40. Ke1 Rxa8 41. Rxa8 c5 42. Kxe2 1-0

[Event "Late-Titled-Tuesday-Blitz-June-04-2024"]
[Site "Chess.com"]
[Date "2024.06.04"]
[Round "2"]
[White "Faqade"]
[Black "rezamahdavi2008"]
[Result "0-1"]
[WhiteElo "2587"]
[BlackElo "2931"]
[TimeControl "180+1"]
[EndTime "14:16:22 PDT"]
[Termination "rezamahdavi2008 won by checkmate"]

1. d4 Nf6 2. c4 e6 3. Nc3 Bb4 4.
Qc2 b6 5. e4 c5 6. d5 Qe7 7. Ne2 exd5 8. exd5 O-O 9. f3 d6 10.
a3 Ba5 11. Kf2 Nbd7 12. Ng3 Ne5 13. Be2 Re8 14. Rb1 Bxc3 15. Qxc3 b5 16. b3 bxc4 17. bxc4 Ba6 18. Bf4 Ng6 19. Bd2 Nh5 20. Ne4 Nhf4 21. Rbe1 f5 22. Ng3 Qh4 23. Bf1 Rxe1 24. Bxe1 Ne5 25. Bd2 Rb8 26. Kg1 Rb1 27. Nxf5 Ne2# 0-1

[Event "Late-Titled-Tuesday-Blitz-June-04-2024"]
[Site "Chess.com"]
[Date "2024.06.04"]
[Round "2"]
[White "sammartin99"]
[Black "A4RookA3"]
[Result "0-1"]
[WhiteElo "2305"]
[BlackElo "2520"]
[TimeControl "180+1"]
[EndTime "14:16:25 PDT"]
[Termination "A4RookA3 won on time"]

1. d4 Nf6 2. c4 e6 3. Nc3 Bb4 4.
a3 Bxc3+ 5. bxc3 d6 6. f3 e5 7. e4 Nc6 8. Be3 b6 9. Bd3 Na5 10. Qe2 c5 11. d5 Ba6 12. Nh3 Qd7 13. a4 O-O 14. O-O Rae8 15. Bg5 Qe7 16. f4 h6 17.
fxe5 hxg5 18. exf6 gxf6 19. Nf2 f5 20. Qh5 Kg7 21. exf5 Rh8 22. f6+ Qxf6 23. Qg4 Qe5 24. Nh3 f6 25. Bf5 Rh4 26. Qf3 Nxc4 27. Rae1 Qxe1 28.
Rxe1 Rxe1+ 29. Kf2 Rf1+ 30. Kxf1 Nd2+ 31. Kf2 Nxf3 32. Kxf3 Rxa4 0-1

[Event "Late-Titled-Tuesday-Blitz-June-04-2024"]
[Site "Chess.com"]
[Date "2024.06.04"]
[Round "2"]
[White "dosto07"]
[Black "Hirna2005"]
[Result "1-0"]
[WhiteElo "2523"]
[BlackElo "2307"]
[TimeControl "180+1"]
[EndTime "14:16:31 PDT"]
[Termination "dosto07 won by resignation"]

1. e4 g6 2. d4 Bg7 3. Nf3 d6 4. Nc3 a6 5. a4 Nc6 6. Be2 Nf6 7. O-O O-O 8. Be3 e5 9. d5 Ne7 10. Ne1 Nd7 11. Nd3 f5 12. f4 fxe4 13.
Nxe4 Nf5 14. Bd2 exf4 15. Nxf4 Nf6 16. Ng5 Re8 17. Nge6 Qe7 18. Bd3 Bxe6 19. Nxe6 Nxd5 20. Nxg7 Nxg7 21. Bc4 c6 22. Bc3 Qe4 23. Bb3 Nf5 24. Re1 Ne3 25. Qd2 Re6 26. Re2 Rae8 27. Rae1 Kf8 28.
Bd4 R8e7 29. Bxd5 Qxd5 30. Rxe3 c5 31. Bg7+ Kxg7 32. Qxd5 Rxe3 33. Rxe3 Rxe3 34. Qxb7+ Kh6 35. Qxa6 Re1+ 36. Kf2 Rd1 37. Qe2 Rd4 38. Qe3+ Kg7 39. Qxd4+ 1-0

[Event "Late-Titled-Tuesday-Blitz-June-04-2024"]
[Site "Chess.com"]
[Date "2024.06.04"]
[Round "2"]
[White "garfield_pg"]
[Black "lamomiajunior"]
[Result "0-1"]
[WhiteElo "2475"]
[BlackElo "2734"]
[TimeControl "180+1"]
[EndTime "14:16:32 PDT"]
[Termination "lamomiajunior won by resignation"]

1. d4 Nf6 2. Bf4 d5 3. e3 c5 4.
Nf3 Nc6 5. Nbd2 Bg4 6. c3 e6 7. Qb3 Qc8 8. Ne5 Nxe5 9. Bxe5 Nd7 10. Bg3 Be7 11. c4 dxc4 12. Nxc4 O-O 13. Bd3 cxd4 14. exd4 Nf6 15. Nd6 Qd7 16. Bb5 Qd8 17. Nxb7 Qb6 18. Nc5 Bxc5 19. dxc5 Qxc5 20. O-O Rad8 21. Rac1 Qh5 22.
h3 Be2 23. Bxe2 Qxe2 24. Rfe1 Qa6 25. Qc4 Qb7 26. b3 Nd5 27. Red1 h6 28. Be5 Kh7 29. Qg4 f6 30. Bb2 Qf7 31. Re1 Rfe8 32. Rcd1 a5 33. Rd4 e5 34. Rd2 f5 35. Qd1 e4 36. Qc2 Nb4 37. Qd1 Nd3 38. Re3 Nxb2 39. Rxd8 Nxd1 40. Rxd1 f4 0-1

[Event "Late-Titled-Tuesday-Blitz-June-04-2024"]
[Site "Chess.com"]
[Date "2024.06.04"]
[Round "2"]
[White "Pachonpower"]
[Black "Titus369"]
[Result "0-1"]
[WhiteElo "2370"]
[BlackElo "2640"]
[TimeControl "180+1"]
[EndTime "14:16:32 PDT"]
[Termination "Titus369 won by checkmate"]

1. d4 d5 2. Nf3 Nf6 3. e3 e6 4.
Nbd2 Bd6 5. Bd3 O-O 6. O-O c5 7. c3 Nc6 8. Qe2 e5 9. dxc5 Bxc5 10. e4 d4 11. h3 Nh5 12. Nb3 Bb6 13. cxd4 g6 14. d5 Ng3 15. Qd2 Nxf1 16. Kxf1 Nd4 17. Nbxd4 exd4 18. Qh6 f6 19. e5 fxe5 20. Bxg6 Qd7 21.
Nxe5 Qg7 22. Qxg7+ Kxg7 23. Bd3 Bf5 24. Bxf5 Rxf5 25.
f4 d3 26. g4 Rxe5 27. fxe5 Rf8+ 28. Ke1 Rf2 29. e6 Rg2 30. b3 Bd4 31. Rb1 Re2+ 32. Kd1 Bc3 33. Bd2 Rxd2+ 34. Kc1 Re2 35. Rb2 Re1# 0-1

[Event "Late-Titled-Tuesday-Blitz-June-04-2024"]
[Site "Chess.com"]
[Date "2024.06.04"]
[Round "2"]
[White "Sl4werThanYou"]
[Black "Crasyhealer"]
[Result "1-0"]
[WhiteElo "2754"]
[BlackElo "2524"]
[TimeControl "180+1"]
[EndTime "14:16:33 PDT"]
[Termination "Sl4werThanYou won by resignation"]

1. d4 Nf6 2. Nc3 d5 3. Bf4 c6 4. e3 Bg4 5. f3 Bh5 6. g4 Bg6 7. h4 h5 8. g5 Nfd7 9. Bd3 Bxd3 10.
Qxd3 g6 11. e4 dxe4 12. fxe4 e5 13. dxe5 Bg7 14. O-O-O Qe7 15. Nf3 O-O 16. Qd6 Re8 17. Rhe1 Bf8 18. Qxe7 Rxe7 19. Rd6 Re8 20. Rd3 Nc5 21.
Rd2 Nba6 22. Red1 Ne6 23. Bg3 Bb4 24. a3 Bxc3 25. bxc3 Nac5 26. Re2 Na4 27. Rd3 Rad8 28. Rde3 Nb6 29. Rd3 Na4 30. Red2 Rxd3 31. Rxd3 Nec5 32. Rd4 Nxc3 33. Rc4 Ne2+ 34. Kd2 Nxe4+ 35. Rxe4 Nxg3 36.
Rb4 Re7 37. Ke3 Nf5+ 38. Kf4 Kf8 39. Rb1 Ke8 40. Nd2 Nxh4 41. Ne4 Nf5 42. Nf6+ Kd8 43. Rd1+ Kc7 44. c4 h4 45. a4 b6 46. c5 bxc5 47.
Rc1 Nd4 48. Ke4 h3 49. Rh1 Ne2 50. Rxh3 Nc3+ 51. Rxc3 1-0

[Event "Late-Titled-Tuesday-Blitz-June-04-2024"]
[Site "Chess.com"]
[Date "2024.06.04"]
[Round "2"]
[White "AlejandroArias"]
[Black "TanitoluwaAps116"]
[Result "0-1"]
[WhiteElo "2368"]
[BlackElo "2696"]
[TimeControl "180+1"]
[EndTime "14:16:33 PDT"]
[Termination "TanitoluwaAps116 won by resignation"]

1. e4 c5 2. Nf3 e6 3. g3 Nc6 4. Bg2 Nf6 5. Nc3 d5 6. exd5 exd5 7. d4 Bg4 8. h3 cxd4 9. hxg4 dxc3 10. g5 cxb2 11.
Bxb2 Qa5+ 12. Kf1 Qb5+ 13. Qe2+ Qxe2+ 14. Kxe2 Ne4 15. Rhd1 O-O-O 16. Kf1 Bc5 17. Bxg7 Rhg8 18. Bf6 Nxf6 19. gxf6 Rg6 20. Rab1 Rxf6 21. Rb5 b6 22. Rd2 Kc7 23. Ne1 Ne5 24. f4 Nc4 25. Rd3 Re8 26.
Rxc5+ bxc5 27. Bxd5 Ne3+ 28. Kf2 Ng4+ 29. Kf3 Ne5+ 0-1

[Event "Late-Titled-Tuesday-Blitz-June-04-2024"]
[Site "Chess.com"]
[Date "2024.06.04"]
[Round "2"]
[White "teresin05"]
[Black "WindWhistler11"]
[Result "0-1"]
[WhiteElo "2324"]
[BlackElo "2544"]
[TimeControl "180+1"]
[EndTime "14:16:33 PDT"]
[Termination "WindWhistler11 won on time"]

1. e4 e6 2. d4 d5 3. Nc3 Bb4 4. e5 Ne7 5. f4 Nf5 6. a3 Ba5 7. Nf3 Bb6 8. g4 Nh4 9. Be3 Nc6 10. Nxh4 Qxh4+ 11. Bf2 Qe7 12. Qd2 Bd7 13. O-O-O h5 14. g5 g6 15. Rg1 O-O-O 16. Na4 Kb8 17. Nxb6 cxb6 18. Kb1 Rc8 19. c4 Na5 20. cxd5 exd5 21. Bd3 Bf5 22. Bxf5 gxf5 23. g6 fxg6 24. Rxg6 Qe8 25.
Rf6 Nc4 26. Qd3 Qb5 27. Qc3 Nd6 28. Qb4 Qxb4 29. axb4 Ne4 30. Be3 Nxf6 31. exf6 Rhf8 32. Rg1 Rxf6 33. Rg5 Re8 34. Bf2 Re2 35. Bg3 Rc6 36. Rxf5 Rcc2 37. Rxd5 Rxb2+ 38. Kc1 Ra2 39. f5+ Kc8 40.
Kb1 Rad2 41. Kc1 Ra2 42. Kb1 Reb2+ 0-1

[Event "Late-Titled-Tuesday-Blitz-June-04-2024"]
[Site "Chess.com"]
[Date "2024.06.04"]
[Round "2"]
[White "Alphafischer2019"]
[Black "talaicito"]
[Result "1-0"]
[WhiteElo "2643"]
[BlackElo "2184"]
[TimeControl "180+1"]
[EndTime "14:16:36 PDT"]
[Termination "Alphafischer2019 won on time"]

1. Nf3 f5 2. d4 Nf6 3. Bf4 e6 4. e3 g6 5. c4 Bg7 6. Nc3 O-O 7. Be2 d6 8. h3 Nc6 9. O-O Qe7 10. Bh2 Nh5 11. Re1 f4 12. exf4 Nxf4 13. Bf1 Qf7 14. d5 Ne5 15. dxe6 Nxh3+ 16. Kh1 Nxf2+ 17. Kg1 Nh3+ 18. Kh1 Nxf3 19. exf7+ Rxf7 20. gxh3 Nxe1 21. Qxe1 Bd7 22. Bg2 Re8 23. Qd2 Rfe7 24. Rf1 b6 25. Nd5 Re2 26. Qg5 Bc6 27. Ne7+ R8xe7 28. Bxc6 1-0

[Event "Late-Titled-Tuesday-Blitz-June-04-2024"]
[Site "Chess.com"]
[Date "2024.06.04"]
[Round "2"]
[White "DirtyKabab"]
[Black "Dedic8"]
[Result "0-1"]
[WhiteElo "2584"]
[BlackElo "2922"]
[TimeControl "180+1"]
[EndTime "14:16:37 PDT"]
[Termination "Dedic8 won on time"]

1. e4 c5 2. Nf3 d6 3. d4 cxd4 4.
Qxd4 Nc6 5. Qe3 Nf6 6. h3 g6 7.
Be2 Bg7 8. O-O O-O 9. Rd1 Qc7 10. a3 a6 11. Nc3 b5 12. Bd2 Bb7 13. Qf4 Na5 14. Qh4 Nc4 15. Bxc4 Qxc4 16. Bh6 Rac8 17. Ng5 a5 18. Rd3 b4 19. axb4 axb4 20. b3 Qc5 21. Na4 Qxc2 22. Rf3 Nxe4 23. Bxg7 Nxg5 24. Qxg5 Kxg7 25.
Re3 e5 26. Nb6 Rc3 0-1

[Event "Late-Titled-Tuesday-Blitz-June-04-2024"]
[Site "Chess.com"]
[Date "2024.06.04"]
[Round "2"]
[White "SchmakAttack"]
[Black "harshu27"]
[Result "1-0"]
[WhiteElo "2807"]
[BlackElo "2539"]
[TimeControl "180+1"]
[EndTime "14:16:37 PDT"]
[Termination "SchmakAttack won by resignation"]

1. c4 c6 2. Nf3 d5 3. g3 Nf6 4.
Bg2 g6 5. b3 Bg7 6. Bb2 O-O 7.
O-O Ne4 8. Bxg7 Kxg7 9. d3 Nd6 10. Nc3 e6 11. e4 dxe4 12. dxe4 c5 13. Qd2 f6 14. e5 Nf5 15. Qxd8 Rxd8 16. exf6+ Kxf6 17. Ne4+ Ke7 18. Nxc5 Nc6 19. Rfe1 b6 20. Ng5 bxc5 21.
Bxc6 Rb8 22. Nxh7 Nd4 23. Be4 Bb7 24. Ng5 Rh8 25. Bxb7 Rxb7 26. Re5 Kd6 27. Rae1 Rh5 28. Kg2 Re7 29. f4 Rh8 30. Ne4+ Kd7 31. Nxc5+ Kd6 32. Rd1 1-0

[Event "Late-Titled-Tuesday-Blitz-June-04-2024"]
[Site "Chess.com"]
[Date "2024.06.04"]
[Round "2"]
[White "MeisterJabo"]
[Black "Shiner22"]
[Result "1-0"]
[WhiteElo "2511"]
[BlackElo "2284"]
[TimeControl "180+1"]
[EndTime "14:16:37 PDT"]
[Termination "MeisterJabo won by resignation"]

1. e4 c5 2. Nf3 Nc6 3. c3 d5 4. e5 Bg4 5. Bb5 h5 6. h3 Bf5 7.
O-O a6 8. Ba4 e6 9. d4 Be7 10.
Nbd2 g5 11. dxc5 Bxc5 12. Nb3 Be7 13. Nbd4 Rc8 14. Nxf5 exf5 15. h4 b5 16. Bb3 g4 17.
Ng5 Nxe5 18. Re1 f6 19. Ne6 Qd7 20. Bxd5 Nh6 21. Bxh6 Rxh6 22. Ng7+ Kf8 23. Ne6+ Ke8 24. Qb3 Rh7 25. Rad1 Qc7 26. Nf4 Qb6 27. Be6 Rd8 28. Bxf5 Rh8 29. Nd5 Qb7 30. Nf4 Rxd1 31. Rxd1 g3 32.
fxg3 Bc5+ 33. Kh2 Ng4+ 34. Bxg4 hxg4 35. Qe6+ Qe7 36. Qxe7+ Kxe7 37. Ng6+ 1-0

[Event "Late-Titled-Tuesday-Blitz-June-04-2024"]
[Site "Chess.com"]
[Date "2024.06.04"]
[Round "2"]
[White "jucAxx"]
[Black "BashiqChess"]
[Result "1-0"]
[WhiteElo "2278"]
[BlackElo "2473"]
[TimeControl "180+1"]
[EndTime "14:16:38 PDT"]
[Termination "jucAxx won on time"]

1. e4 c6 2. d4 d5 3. f3 dxe4 4. fxe4 e5 5. Nf3 Bg4 6. c3 Nd7 7. Be2 Bd6 8. Qb3 Ngf6 9. Qxb7 O-O 10. h3 Bh5 11. Qxc6 Qe7 12. Nbd2 Rfc8 13. Qb7 Rab8 14. Qxa7 Rc7 15. Qa4 exd4 16. Qxd4 Bg3+ 17. Kf1 Rd8 18. Qe3 Nc5 19. Qg5 Ncxe4 20. Nxe4 Nxe4 21. Qxh5 Rcd7 22. Nd4 Qf6+ 23. Qf3 Qg6 24. Bd3 f5 25. Nxf5 Kh8 26.
Qxe4 Rxd3 27. Nxg3 Qxg3 28. Bf4 1-0

[Event "Late-Titled-Tuesday-Blitz-June-04-2024"]
[Site "Chess.com"]
[Date "2024.06.04"]
[Round "2"]
[White "fpawn"]
[Black "moro182"]
[Result "1/2-1/2"]
[WhiteElo "2417"]
[BlackElo "2893"]
[TimeControl "180+1"]
[EndTime "14:16:39 PDT"]
[Termination "Game drawn by repetition"]

1. e4 g6 2. d4 Bg7 3. Nc3 a6 4. f4 d5 5. e5 h5 6. Nf3 Bg4 7. h3 Bxf3 8. Qxf3 e6 9. Be3 h4 10. Bf2 Ne7 11. Bd3 Nbc6 12. Nd1 Nb4 13. O-O Nxd3 14.
Qxd3 Nf5 15. Ne3 Bf8 16. c4 Nxe3 17. Bxe3 dxc4 18. Qxc4 c6 19. a4 a5 20. Rfd1 Bb4 21.
Bd2 Qb6 22. Bxb4 axb4 23. b3 Ke7 24. Qc5+ Qxc5 25. dxc5 Ra5 26. Rac1 Rd8 27. Rxd8 Kxd8 28. Rc4 Kc7 29. Kf2 Ra8 30. Rxb4 Rd8 31. Ke2 Rd5 32. Rc4 g5 33. b4 gxf4 34. Rxf4 Rxe5+ 35. Kf3 f5 36. Rxh4 Rd5 37. Rh7+ Kc8 38. h4 e5 39. h5 Rd3+ 40. Ke2 Rd4 41. h6 Rh4 42. g3 Rh3 43. Kf2 e4 44. Rf7 Rxh6 45. Rxf5 Rh2+ 46. Ke3 Rb2 47.
Kxe4 Rxb4+ 48. Ke5 Rxa4 49. Rf8+ Kd7 50. Rf7+ Kc8 51.
Rf8+ Kc7 52. Rf7+ Kb8 53. Rf8+ Ka7 54. Rf4 Ra5 55. Kd6 Ra3 56. g4 Rd3+ 57. Kc7 Ka6 58. Rb4 Rd5 59. Rb6+ Ka5 60. Rxb7 Rxc5 61. Rb6 Rg5 62.
Rxc6 Kb5 63. Rf6 Rxg4 64. Kd6 Kc4 65. Rf5 Kd4 66. Ke6 Rg6+ 67. Kf7 Ra6 68. Rb5 Ke4 69. Ke7 Ra7+ 70. Kd6 Kd4 71. Rh5 Ra6+ 72. Kc7 Rg6 73. Kd7 Rg7+ 74. Ke6 Rg6+ 75. Ke7 Rg7+ 76. Ke6 Rg6+ 77.
Ke7 Rg7+ 78. Ke6 1/2-1/2

[Event "Late-Titled-Tuesday-Blitz-June-04-2024"]
[Site "Chess.com"]
[Date "2024.06.04"]
[Round "2"]
[White "Vahe_Danielyan"]
[Black "Der_Balak_3Halak"]
[Result "1-0"]
[WhiteElo "2663"]
[BlackElo "2374"]
[TimeControl "180+1"]
[EndTime "14:16:39 PDT"]
[Termination "Vahe_Danielyan won by resignation"]

1. e4 e6 2. d4 d5 3. exd5 exd5 4. Nf3 Bd6 5. c4 c6 6. Nc3 Nf6 7. Be2 h6 8. O-O O-O 9. cxd5 cxd5 10. h3 a6 11. Ne5 Nbd7 12. f4 b5 13. Bf3 Bb7 14. g4 Ne4 15. Re1 Re8 16. Nxe4 dxe4 17. Bxe4 Bxe4 18.
Rxe4 f6 19. Qb3+ Kh7 20. Nf7 Qb6 21. Qc2 Rac8 22. Qd3 Kg8 23. Nxd6 Qxd6 24. Bd2 Nc5 25. Rxe8+ Rxe8 26. Bb4 Qxf4 27. dxc5 Qxb4 28. Qb3+ Qxb3 29. axb3 Re3 30. c6 Re2 31. Rxa6 Kf7 32. Ra7+ Kg6 33. Rb7 Rc2 34. c7 Kg5 35. Rxb5+ Kf4 36. Rb4+ Kf3 37. Rc4 Rg2+ 38. Kh1 Rxb2 39. Rc3+ Kf2 40. c8=Q Rb1+ 41. Kh2 1-0

[Event "Late-Titled-Tuesday-Blitz-June-04-2024"]
[Site "Chess.com"]
[Date "2024.06.04"]
[Round "2"]
[White "Bkmzzzzz"]
[Black "Lavandum24"]
[Result "1-0"]
[WhiteElo "2419"]
[BlackElo "1855"]
[TimeControl "180+1"]
[EndTime "14:16:39 PDT"]
[Termination "Bkmzzzzz won on time"]

1. e4 Nc6 2. Nf3 d5 3. exd5 Qxd5 4. Nc3 Qa5 5. Bc4 Bg4 6. h3 Bh5 7. g4 Bg6 8. d3 O-O-O 9. Bd2 e5 10. Qe2 Nd4 11.
Nxd4 exd4 12. Nd5 Qc5 13. Bb4 Qc6 14. Bxf8 Rxf8 15. O-O-O Re8 16. Qf3 Nf6 17. Rhe1 Nxd5 18. Bxd5 Qb6 19. Bxf7 Bxf7 20. Qxf7 Qh6+ 21. Kb1 Ref8 22.
Qc4 Rxf2 23. Qxd4 Qb6 24. Qxg7 Rff8 25. Re7 Rfg8 26. Qe5 Rf8 27. a3 1-0

[Event "Late-Titled-Tuesday-Blitz-June-04-2024"]
[Site "Chess.com"]
[Date "2024.06.04"]
[Round "2"]
[White "Navyblue1"]
[Black "Engima32"]
[Result "0-1"]
[WhiteElo "2214"]
[BlackElo "2476"]
[TimeControl "180+1"]
[EndTime "14:16:42 PDT"]
[Termination "Engima32 won on time"]

1. d4 Nf6 2. c4 g6 3. Nc3 Bg7 4. e4 d6 5. h3 O-O 6. Nf3 c5 7. Be3 Qa5 8. Nd2 cxd4 9. Bxd4 Nc6 10. Nb3 Qa6 11. c5 b5 12. cxb6 Qb7 13. bxa7 Nxd4 14. Qxd4 Nxe4 15. Qe3 Nxc3 16. bxc3 Qxa7 17. Qxa7 Bxc3+ 18. Kd1 Rxa7 19. Rc1 Bf6 20. Rc2 Bf5 21. Re2 Rfa8 22. Nc1 Rb8 23. g4 Be6 24. Bg2 Rb1 25. Be4 Rb4 26. Bd3 Rc7 27. Rc2 Rxc2 28. Bxc2 Rb2 29.
Re1 Bg5 30. Re2 Bxc1 31. Kxc1 Rxa2 32. Rd2 Ra1+ 33. Kb2 Rh1 34. Rd3 Kg7 35. Bb3 Bxb3 36. Kxb3 Kf6 37. Rf3+ Kg5 38. Rxf7 Rxh3+ 0-1

[Event "Late-Titled-Tuesday-Blitz-June-04-2024"]
[Site "Chess.com"]
[Date "2024.06.04"]
[Round "2"]
[White "Josetricks"]
[Black "NikolaGry"]
[Result "1-0"]
[WhiteElo "2430"]
[BlackElo "2693"]
[TimeControl "180+1"]
[EndTime "14:16:43 PDT"]
[Termination "Josetricks won by checkmate"]

1. d4 d5 2. Nc3 Nf6 3. Bf4 Bf5 4. e3 a6 5. Nf3 e6 6. Ne5 h6 7. g4 Bh7 8. h4 Nfd7 9. Nxd7 Nxd7 10. Bd3 Bxd3 11. Qxd3 c5 12. O-O-O c4 13. Qe2 Bb4 14. e4 Nb6 15. exd5 Bxc3 16. dxe6 Bb4 17. exf7+ Kxf7 18. g5 c3 19. gxh6 cxb2+ 20. Kb1 Qd5 21. hxg7 Rhc8 22.
Rhg1 Nc4 23. Rd3 Re8 24. Qg4 Re1+ 25. Rxe1 Bxe1 26. Bb8 Rxb8 27. Qf4+ Kxg7 28. Rg3+ Kh7 29. Qc7+ Kh6 30. Qg7+ Kh5 31. Qg6+ Kxh4 32. Qg4# 1-0

[Event "Late-Titled-Tuesday-Blitz-June-04-2024"]
[Site "Chess.com"]
[Date "2024.06.04"]
[Round "2"]
[White "Jeppesen08"]
[Black "simaopdias"]
[Result "0-1"]
[WhiteElo "2456"]
[BlackElo "2223"]
[TimeControl "180+1"]
[EndTime "14:16:44 PDT"]
[Termination "simaopdias won by resignation"]

1. b3 Nf6 2. Bb2 e6 3. Nf3 d5 4. e3 Be7 5. c4 O-O 6. Nc3 b6 7.
g4 Bb7 8. g5 Ne4 9. h4 Nd7 10. d3 Nxc3 11. Bxc3 dxc4 12. bxc4 Nc5 13. Bd4 e5 14. Bxe5 Bxf3 15. Qxf3 Nxd3+ 16. Bxd3 Qxd3 17. Qe2 Bb4+ 18. Kf1 Qe4 19. Qb2 Qxh1+ 20. Ke2 Qxh4 21. Qxb4 Qxg5 22. Qc3 Rfe8 23. Bf4 Qg4+ 24. Kf1 Rad8 25.
Qc2 Qh3+ 26. Kg1 Re6 27. Bg3 h5 28. Rd1 Rde8 29. Rd4 Rg6 30. Rh4 Rxg3+ 31. fxg3 Qxg3+ 32. Qg2 Qxh4 33. Qc6 Qe1+ 34. Kg2 Qd2+ 35. Kg1 Qxe3+ 36. Kg2 Qe4+ 37. Qxe4 Rxe4 38. c5 b5 0-1

[Event "Late-Titled-Tuesday-Blitz-June-04-2024"]
[Site "Chess.com"]
[Date "2024.06.04"]
[Round "2"]
[White "Larax"]
[Black "Mariia89"]
[Result "1-0"]
[WhiteElo "2500"]
[BlackElo "2244"]
[TimeControl "180+1"]
[EndTime "14:16:45 PDT"]
[Termination "Larax won on time"]

1. e4 c6 2. d4 d5 3. e5 Bf5 4.
Nf3 e6 5. Be2 c5 6. O-O Nc6 7. Be3 Qb6 8. b3 h5 9. Nc3 cxd4 10.
Nxd4 Qb4 11. Ncb5 Rc8 12. Nxf5 exf5 13. Qxd5 Be7 14. Qd2 Qxd2 15. Bxd2 Nxe5 16. c4 a6 17. Nc3 Nf6 18. Bf4 Nc6 19. Rad1 O-O 20. Nd5 Nxd5 21. cxd5 Nb4 22. d6 Bd8 23. d7 Rc2 24. Bf3 Nxa2 25. Bd6 Nc3 26. Rd3 b5 27. Bxf8 Kxf8 28. Re1 Ne4 29. g3 Nf6 30. Rde3 1-0